 Dungeon Crawl Stone Soup version 0.31-a0-803-g95b03c3367 (webtiles) character file.

Game seed: 181274534476473065

46 subawu the Ruffian (level 3, 0/42 HPs)
             Began as a Draconian Shapeshifter on Sept 20, 2023.
             Slain by a gnoll
             ... wielding a +0 spear
              (4 damage)
             ... on level 2 of the Dungeon.
             The game lasted 00:05:11 (980 turns).

subawu the Ruffian (Draconian Shapeshifter)          Turns: 980, Time: 00:05:13

Health: 0/42       AC: 21    Str: 14 (16) XL:     3   Next: 46%
Magic:  3/3        EV:  2    Int:  7 (10) God:
Gold:   9          SH:  0    Dex:  9 (12) Spells: 2/2 levels left

rFire   + .          .
                       - Unarmed
rCold   + . .        (no shield)
rNeg    . . .        (body armour unavailable)
rPois   +            (helmet currently unavailable)
rElec   +            (cloak currently unavailable)
rCorr   +            k - melded +1 pair of gloves
SInv    .            (boots currently unavailable)
Will    .....        (no amulet)
Stlth   +            (no ring)
HPRegen 0.27/turn    (no ring)
MPRegen 0.08/turn

%: no passive effects
@: tree-form, resistant, very slow
A: stationary, stasis, torment immunity, boosted hp, AC +5, unfitting armour,
(cold-blooded)
a: no special abilities


You were on level 2 of the Dungeon.
You were a tree.
You visited 1 branch of the dungeon, and saw 2 of its levels.

You collected 9 gold pieces.

Inventory:

Missiles
 d - 5 stones (quivered)
Armour
 k - a +1 pair of gloves (melded)
Talismans
 b - a beast talisman
 c - a flux talisman
Scrolls
 g - a scroll of identify
 h - a scroll of blinking
 m - a scroll of vulnerability {unknown}


   Skills:
 + Level 1.2 Fighting
 + Level 2.0 Dodging
 + Level 0.2 Stealth
 + Level 3.7 Unarmed Combat
 + Level 3.5 Shapeshifting


You had 2 spell levels left.
You didn't know any spells.
Your spell library was empty.

Dungeon Overview and Level Annotations

Branches:
Dungeon (2/15)

Altars:

Shops:
D:1 ?


Innate Abilities, Weirdness & Mutations

You are a tree.
Your roots penetrate the ground, keeping you stationary.
You cannot be teleported.
You are immune to unholy pain and torment.
Your maximum health is greatly increased.
Your equipment is partially melded.
((Your plain brown scales are hard. (AC +5)))
You cannot fit into any form of body armour.
((You are cold-blooded and may be slowed by cold attacks.))


Message History

The gnoll hits you but does no damage.
It was a potion of magic.
Magic courses through your body. The gnoll hits you but does no damage.
It was a potion of resistance.
You feel protected.
Your enlightenment fades.
The gnoll hits you but does no damage.
It was a potion of degeneration.
There was something very wrong with that liquid.
You feel weakened.
You feel dopey.
You feel clumsy.
The gnoll splashes around in the water.
As you read the scroll labelled UTHU CYBESYES, it crumbles to dust.
You feel a strange sense of stasis.
It was a scroll of teleportation.
The gnoll hits you but does no damage.
Throw: 9 stones
Press: ? - help, Q - select action Shift-Dir - straight line, f - gnoll
Aim: a gnoll, wielding a +0 spear (52% to hit)
You throw a stone. The stone closely misses the gnoll.
The stone hits the plant.
The plant begins to die.
The plant is lightly damaged.
The gnoll hits you but does no damage.
Throw: 8 stones
Press: ? - help, Q - select action Shift-Dir - straight line, f/p - gnoll
Aim: a gnoll, wielding a +0 spear (52% to hit)
You throw a stone. The stone barely misses the gnoll.
The stone hits the plant.
The plant is lightly damaged.
The gnoll splashes around in the water.
Throw: 7 stones
Press: ? - help, Q - select action Shift-Dir - straight line, f/p - gnoll
Aim: a gnoll, wielding a +0 spear (52% to hit)
You throw a stone.
The stone hits the gnoll but does no damage.
A nearby plant withers and dies.
The gnoll hits you but does no damage.
Throw: 6 stones
Press: ? - help, Q - select action Shift-Dir - straight line, f/p - gnoll
Aim: a gnoll, wielding a +0 spear (52% to hit)
You throw a stone.
The stone hits the gnoll but does no damage.
The gnoll hits you from afar with a +0 spear.
You die...

######.... ........♣
.~~~♣P... .......~♣♣♣♣
~~~~~~P..
......♣♣~~~~♣♣♣♣~P~~~~~.
.♣♣..P~~P~~~~~~~~~P~~~~.
♣~~.........?...........
~~~≈.≈~~~~≈~~~P~~~g~~~♣
~~~~.≈~~~~~~P~~~)†~~~~#
~~~≈.~~~~P~~ ♣†♣)~~♣
≈~≈~.~P~♣♣♣~ #.♣~♣♣♣####
≈≈≈~.~~♣♣ # #........
~≈≈~.≈≈♣ #.#.#######
~≈≈~.~~♣♣ #.#.##....#
≈≈~~.~~P♣ #.#.##)##.#
P~~P.≈≈≈♣♣♣♣ #.#.##.##.#
~~~~.≈≈~~~~P #.#.##.##.#
~~~~.≈≈≈≈~~~##.#....##.#


You could see a gnoll.

Vanquished Creatures
  2 gnolls (D:2)
  A dart slug (D:1)
  4 ball pythons
  3 endoplasms
  A giant cockroach (D:2)
  3 goblins
  2 hobgoblins
  A quokka (D:2)
  2 bats
  2 frilled lizards (D:1)
  4 rats (D:1)
25 creatures vanquished.

Notes
Turn   | Place    | Note
-------+----------+-------------------------------------------
     0 | D:1      | subawu the Draconian Shapeshifter began the quest for the
                  | Orb.
     0 | D:1      | Reached XP level 1. HP: 16/16 MP: 1/1
   303 | D:1      | Reached XP level 2. HP: 23/23 MP: 2/2
   395 | D:1      | Found Kibrang's Magic Scroll Shoppe.
   692 | D:1      | Found a faded altar of an unknown god.
   962 | D:2      | Reached XP level 3. HP: 13/28 MP: 3/3
   971 | D:2      | HP: 1/42 [gnoll/+0 spear (6)]
   980 | D:2      | Slain by a gnoll

Illustrated notes

Levels and vault maps discovered:
D:1:      heliophobic_arrival_enchanted_forest, layout_loops_ring, serial_shops,
          nicolae_shop_hallway_stairs, ebering_ecumenical_altar_box
D:2:      layout_basic, serial_bayou, serial_bayou_pond_d, serial_bayou_pond_d,
          serial_bayou_pond_e, serial_bayou_lagoon_b, basic_altar, uniq_sigmund,
          uniq_robin

Skill      XL: |  1  2  3 |
---------------+----------+-----
Dodging        | 2 |  2.0
Fighting       | |  1.2
Stealth        | |  0.2
Unarmed Combat | |  3.7
Shapeshifting  | |  3.5

Action                     || total
---------------------------++-------
  Melee: Unarmed           ||    65
         Tailslap          ||     3
  Throw: Stone             ||     4
    Use: Potion            ||     5
         Scroll            ||     2
   Stab: Sleeping          ||     1
 Armour: Skin              ||    64
  Dodge: Dodged            ||    56
         Form:             ||     1
         Beast             ||     1

Table legend: (Time is in decaauts)
 A = Elapsed time spent in this place.
 B = Non-inter-level travel time spent in this place.
 C = Inter-level travel time spent in this place.
 D = Time resting spent in this place.
 E = Time spent auto-exploring this place.
 F = Levels seen in this place.
 G = Mean time per level.
                   A        B        C        D        E       F      G
               +--------+--------+--------+--------+--------+-----+--------+
         Total |    988 |    972 |     16 |     22 |    521 |   2 |  494.0 |
       Dungeon |    988 |    972 |     16 |     22 |    521 |   2 |  494.0 |
               +--------+--------+--------+--------+--------+-----+--------+

Top non-repeatable levels by time:
     D:1: 830 daAuts
     D:2: 157 daAuts
